 Dungeon Crawl Stone Soup version 0.30-a0-170-g85af917532 (webtiles) character file.

Game seed: 2811963684649267840

32 qw the Shield-Bearer (level 3, 0/23 HPs)
             Began as a Gargoyle Fighter on Sept 30, 2022.
             Splashed by a jelly's acid (8 damage)
             ... on level 2 of the Dungeon.
             The game lasted 00:00:25 (1412 turns).

qw the Shield-Bearer (Gargoyle Fighter)             Turns: 1412, Time: 00:00:25

Health: 0/23       AC:  7    Str: 21    XL:     3   Next: 25%
Magic:  3/3        EV:  9    Int:  8    God:
Gold:   65         SH:  4    Dex: 11    Spells: 2/2 levels left

rFire   . . .      SeeInvis .    Y - +0 war axe
rCold   . . .      Faith    .    c - +0 buckler
rNeg    + . .      Spirit   .    b - +0 scale mail
rPois   inf        Reflect  .    f - +0 helmet
rElec   +          Harm     .    (no cloak)
rCorr   .          Rampage  .    (no gloves)
Will    .....                    (no boots)
Stlth   +.........               (no amulet)
HPRegen 0.07/turn                (no ring)
MPRegen 0.08/turn                (no ring)

@: corroded
A: sickness immunity, AC +3, negative energy resistance 1, electricity
resistance, torment resistance 1, petrification resistance, thin skeletal
structure 1, mutation resistance 1
a: no special abilities


You were on level 2 of the Dungeon.
You visited 1 branch of the dungeon, and saw 2 of its levels.

You collected 84 gold pieces.
You spent 19 gold pieces at shops.


Innate Abilities, Weirdness & Mutations

You are immune to sickness and miasma.
Your stone body is resilient. (AC +3)
You are immune to poison.
You resist negative energy. (rN+)
You are resistant to electric shocks. (rElec)
You are resistant to unholy torment.
You are immune to petrification.
You have a somewhat thin skeletal structure. (Dex +2, Stealth+)
You are somewhat resistant to further mutation.


   Skills:
 - Level 3.2 Fighting
 + Level 3.2 Axes
 - Level 3.2 Armour
 - Level 3.2 Shields


You had 2 spell levels left.
You didn't know any spells.
Your spell library was empty.

Inventory:

Hand Weapons
 h - a +0 mace
 Y - a +0 war axe (weapon)
Armour
 a - a +1 pair of gloves
 b - a +0 scale mail (worn)
 c - a +0 buckler (worn)
 f - a +0 helmet (worn)
Scrolls
 e - a scroll of amnesia {unknown}
 j - a scroll of poison {unknown}
Potions
 d - a potion of might
 g - a potion of brilliance {unknown}
 i - a potion of ambrosia {unknown}
 k - a potion of heal wounds {unknown}

Dungeon Overview and Level Annotations

Branches:
Dungeon (2/15)

Altars:

Shops:
D:1 :*([


Message History

You kill the kobold!
Things that are here:
a +0 dagger; a stone; a kobold corpse You open the door.
Found a hobgoblin skeleton, two rat skeletons and a goblin skeleton. 2 jellies and 8 endoplasms come into view.
Found four items.
The endoplasm quivers.
The jelly quivers.
The endoplasm quivers.
The jelly quivers.
The endoplasm quivers. x3
The jelly hits the fungus.
The fungus begins to die.
The fungus is splashed with acid.
The acid corrodes the fungus!
There is an open door here.
The endoplasm quivers.
You barely miss the jelly. You hit the endoplasm but do no damage.
The endoplasm quivers.
A nearby fungus withers and dies. x3; The jelly hits you but does no damage.
The endoplasm hits you. The jelly hits you but does no damage.
The endoplasm freezes you.
You are frozen.
The endoplasm jiggles.
The endoplasm hits you but does no damage.
You barely miss the jelly. You hit the endoplasm.
You barely miss the endoplasm. The jelly hits you but does no damage.
The endoplasm hits you but does no damage.
The endoplasm closely misses you.
You slash the endoplasm!
You kill the endoplasm!
You hit the endoplasm. You slash the jelly!
Your hands burn!
A nearby fungus withers and dies.
The jelly hits you but does no damage. The endoplasm freezes you.
You are frozen.
The endoplasm hits you but does no damage.
The jelly barely misses you.
You hit the endoplasm.
You kill the endoplasm!
You slash the jelly!
You kill the jelly!
You barely miss the jelly. The jelly hits you. The acid corrodes you!
You are splashed with acid!
You die...

#.......####.#
# #.......#
#.#####
#.......#
#...#..
#.......#
###.#..
#....####
#.#..
#....'..##
#....
########.#
##...
##.....)##
#### #@#######
# #JJJ.J%.%. #
#%JJJ.P... #
#.%....... #
#.%.......
########
#%....P.%.
#.......
#....%...$
#...(...
##########
#.......
#...####


You could see a jelly and 6 endoplasms.

Vanquished Creatures
  A jelly (D:2)
  3 bats
  5 endoplasms
  3 giant cockroaches (D:1)
  A goblin (D:1)
  4 hobgoblins (D:1)
  A quokka (D:1)
  2 ball pythons (D:1)
  2 frilled lizards (D:1)
  9 kobolds
  A rat (D:2)
32 creatures vanquished.

Vanquished Creatures (others)
  6 fungi
  6 toadstools (D:2)
12 creatures vanquished.

Grand Total: 44 creatures vanquished

Notes
Turn   | Place    | Note
-------+----------+-------------------------------------------
     0 | D:1      | qw the Gargoyle Fighter began the quest for the Orb.
     0 | D:1      | Reached XP level 1. HP: 14/14 MP: 1/1
     0 | D:1      | 0 ||| qw: Version: 0.2-a-12-gaebbb33
     0 | D:1      | 0 ||| qw: Game counter: 1441
     0 | D:1      | 0 ||| qw: Always use a shield: true
     0 | D:1      | 0 ||| qw: God list: Okawaru
     0 | D:1      | 0 ||| qw: Allow faded altars: false
     0 | D:1      | 0 ||| qw: Do Orc after D:15 true
     0 | D:1      | 0 ||| qw: Do second Lair branch before Depths: true
     0 | D:1      | 0 ||| qw: Lair rune preference: random
     0 | D:1      | 0 ||| qw: Plans: Normal, Zot:1-4, God:TSO, Crypt, Tomb,
                  | Pan, Slime:5, Hells, Abyss, Orb
     0 | D:1      | 0 ||| PLANNING D:1-11
    20 | D:1      | Found Ehuuses's Book Shoppe.
    36 | D:1      | Found Huamy's General Store.
    42 | D:1      | 42 ||| Stepping ~*~*~tactically~*~*~ (stealth).
    52 | D:1      | 52 ||| SHOPLISTING potion of haste (120 gold, have 13).
   110 | D:1      | Reached XP level 2. HP: 19/19 MP: 2/2
   114 | D:1      | Found Cohyet's Antique Weapon Shoppe.
   127 | D:1      | 127 ||| BUYING club (19 gold).
   127 | D:1      | Bought a club for 19 gold pieces
   127 | D:1      | 127 ||| SHOPLISTING glowing morningstar (133 gold, have 8).
   127 | D:1      | 127 ||| SHOPLISTING mace (57 gold, have 8).
   127 | D:1      | 127 ||| SHOPLISTING whip (47 gold, have 8).
   216 | D:1      | 216 ||| DROPPING +0 club.
   252 | D:1      | Found Yluicw's Armour Shop.
   256 | D:1      | 256 ||| SHOPLISTING +1 plate armour of positive energy (384
                  | gold, have 24).
   256 | D:1      | 256 ||| SHOPLISTING +2 chain mail of positive energy (222
                  | gold, have 24).
   256 | D:1      | 256 ||| SHOPLISTING +2 pearl dragon scales (1300 gold, have
                  | 24).
   256 | D:1      | 256 ||| SHOPLISTING +7 chain mail of the Mantidfly {rC+
                  | Str+8 Int-4 Dex+4} (843 gold, have 24).
   752 | D:1      | Found a faded altar of an unknown god.
   761 | D:1      | Reached skill level 3 in Axes
   939 | D:1      | Reached XP level 3. HP: 23/23 MP: 3/3
  1002 | D:1      | 1002 ||| UPGRADING to +0 helmet.
  1007 | D:1      | 1007 ||| READING scroll labelled JIJ MOPATZAI.
  1008 | D:1      | 1008 ||| READING scroll labelled UCODAE LIM SYG.
  1009 | D:1      | 1009 ||| READING scroll labelled PUNI VIODOURE.
  1012 | D:1      | 1012 ||| DRINKING 2 coppery potions.
  1012 | D:1      | Gained mutation: You sometimes lose your temper in combat.
                  | [potion of mutation]
  1013 | D:1      | 1013 ||| DRINKING potion of mutation.
  1013 | D:1      | Lost mutation: You sometimes lose your temper in combat.
                  | [potion of mutation]
  1013 | D:1      | Gained mutation: Your mind is acute. (Int +4, Str/Dex -1)
                  | [potion of mutation]
  1013 | D:1      | Lost mutation: Your mind is acute. (Int +4, Str/Dex -1)
                  | [potion of mutation]
  1013 | D:1      | Gained mutation: You have a somewhat thin skeletal
                  | structure. (Dex +2, Stealth+) [potion of mutation]
  1013 | D:1      | Gained mutation: You are somewhat resistant to further
                  | mutation. [potion of mutation]
  1412 | D:2      | Splashed by a jelly's acid

Levels and vault maps discovered:
D:1:      tarquinn_simple_flora_water_d, layout_loops_ring,
          shapermc_ecumenical_altar_acropolis, serial_shops, shop, shop,
          nicolae_shop_statue_plus, nicolae_shop_hallway_stairs
D:2:      cheibrodos_fertilizer, layout_basic, serial_park_tiny_1

Skill      XL: |  1  2 |
---------------+-------+-----
Axes           | 2 3 |  3.2
Fighting       | |  3.2
Armour         | |  3.2
Shields        | |  3.2

Action                   || total
-------------------------++-------
Melee: War axe           ||    65
  Use: Scroll            ||     3
       Potion            ||     2
Armor: Scale mail        ||    33
Dodge: Dodged            ||    22
Block: Buckler           ||     4

Table legend:
 A = Non-vault XP
 B = Vault XP
 C = Vault XP percentage of total XP
 D = Non-vault monster count
 E = Vault monster count
 F = Vault count percentage of total count
                 A         B        C        D         E       F
            +---------+---------+-------+---------+---------+-------
      Total |      38 |      53 |  58.2 |      23 |       9 |  28.1
            +---------+---------+-------+---------+---------+-------
        D:1 |      34 |       0 |   0.0 |      20 |       0 |   0.0
        D:2 |       4 |      53 |  93.0 |       3 |       9 |  75.0
            +---------+---------+-------+---------+---------+-------
